 Dungeon Sprint DCSS version 0.19-a0-262-g5df7875 (webtiles) character file.

1 Kidiri the Skirmisher (level 1, 18/20 HPs)
             Began as a Minotaur Fighter on May 25, 2016.
             Quit the game in the Dungeon (Sprint VII: "The Pits").
             The game lasted 00:00:25 (50 turns).

Kidiri the Skirmisher (Minotaur Fighter)              Turns: 50, Time: 00:00:26

Health: 18/20      AC:  7    Str: 20    XL:     1   Next: 16%
Magic:  0/0        EV:  7    Int:  5    God:
Gold:   0          SH:  9    Dex:  9    Spells: 0 memorised, 0 levels left

rFire  . . .     SeeInvis .     a - +0 war axe
rCold  . . .     Gourm    .     b - +0 scale mail
rNeg   . . .     Faith    .     c - +0 shield
rPois  .         Spirit   .     (helmet restricted)
rElec  .         Dismiss  .     (no cloak)
rCorr  .         Reflect  .     (no gloves)
SustAt .         Harm     .     (no boots)
MR     .....     NoTele   +     (no amulet)
Stlth  ..........               (no ring)
                                (no ring)

@: not resistant to hostile enchantments, extremely unstealthy
A: retaliatory headbutt, horns 2
a: no special abilities


You were in the Dungeon.
You were not hungry.

You visited 1 branch

Inventory:

Hand Weapons
 a - a +0 war axe (weapon)
Armour
 b - a +0 scale mail (worn)
 c - a +0 shield (worn)
Scrolls
 k - a scroll of blinking
Potions
 d - a potion of might
 e - a potion of curing
 g - a potion of heal wounds
 h - a potion of haste
 i - 2 potions of magic
 j - a potion of berserk rage
Comestibles
 f - a bread ration
 l - 4 chunks of flesh


   Skills:
 * Level 3.8 Fighting
 * Level 2.7 Axes
 * Level 3.8 Armour
 * Level 0.7 Dodging
 * Level 3.7 Shields


You couldn't memorise any spells.
You didn't know any spells.

Dungeon Overview and Level Annotations

Branches:
Dungeon (1/1)

Altars:
Ashenzari
Cheibriados
Dithmenos
Elyvilon
Fedhas
Gozag
Kikubaaqudgha
Makhleb
Nemelex Xobeh
Okawaru
Pakellas
Qazlal
Ru
Sif Muna
Trog
Vehumet
Xom
Yredelemnul
Zin
The Shining One
Beogh
Jiyva
Lugonu


Innate Abilities, Weirdness & Mutations

You reflexively headbutt those who attack you in melee.
You have a pair of horns on your head.


Message History

There is a snail-covered altar of Cheibriados here.
Found a stormy altar of Qazlal and an opulent altar of Gozag.
There is a blossoming altar of Fedhas here.
There is a radiant altar of Vehumet here.
There is a blossoming altar of Fedhas here.
There is a snail-covered altar of Cheibriados here.
There is a white marble altar of Elyvilon here.
There is a bloodstained altar of Trog here.
There is a shadowy altar of Dithmenos here.
There is a sacrificial altar of Ru here.
There is an open door to the Temple (Safe) here.
As you open the door, it creaks loudly!
Found six items.
There is an open door here.
You see here a +2 hand axe.
You see here a +2 dagger.
Quiver which item? (- for none, * to show all) (? for menu, Esc to quit)
Okay, then.
Unknown command.
Are you sure you want to abandon this character and quit the game? (Confirm with "yes".)

############
#__________#
#__________#
#_#####'#############
#_#)@)'.+ #........
#_#)))#.# #......#.
#######'#####........
#...........'........
#+#####+#####......#.
#........ ####'####
#.......# #.......#


There were no monsters in sight!

Vanquished Creatures
  A ball python (D)
1 creature vanquished.

Notes
Turn   | Place    | Note
--------------------------------------------------------------
     0 | D        | Kidiri the Minotaur Fighter began the quest for the Orb.
     0 | D        | Reached XP level 1. HP: 19/19 MP: 0/0
    29 | D        | Found a sacrificial altar of Ru.
    29 | D        | Found a basalt altar of Yredelemnul.
    29 | D        | Found a shadowy altar of Dithmenos.
    29 | D        | Found a deep blue altar of Sif Muna.
    29 | D        | Found a burning altar of Makhleb.
    29 | D        | Found a shimmering altar of Xom.
    29 | D        | Found an ancient bone altar of Kikubaaqudgha.
    29 | D        | Found a sparkling altar of Nemelex Xobeh.
    30 | D        | Found a glowing golden altar of the Shining One.
    30 | D        | Found a bloodstained altar of Trog.
    30 | D        | Found a shattered altar of Ashenzari.
    30 | D        | Found a white marble altar of Elyvilon.
    30 | D        | Found a snail-covered altar of Cheibriados.
    30 | D        | Found a blossoming altar of Fedhas.
    30 | D        | Found a radiant altar of Vehumet.
    30 | D        | Found a glowing silver altar of Zin.
    30 | D        | Found a corrupted altar of Lugonu.
    30 | D        | Found a viscous altar of Jiyva.
    30 | D        | Found a roughly hewn altar of Beogh.
    30 | D        | Found an iron altar of Okawaru.
    31 | D        | Found an oddly glowing altar of Pakellas.
    36 | D        | Found a stormy altar of Qazlal.
    36 | D        | Found an opulent altar of Gozag.
    50 | D        | Quit the game

Vault maps used:
D:        pitsprint

Action                   || total
-------------------------++-------
Melee: War axe           ||     3
Dodge: Dodged            ||     1
Block: Shield            ||     3
